 Dungeon Crawl Stone Soup version 0.26-a0-597-gb535b0901c (webtiles) character file.

Game seed: 14627656538661268803

16 Lanoc the Poker (level 2, 0/24 HPs)
             Began as a Merfolk Abyssal Knight on Sept 1, 2020.
             Was a Follower of Lugonu.
             Succumbed to an adder's poison
             ... on level 2 of the Dungeon.
             The game lasted 00:00:36 (272 turns).

Lanoc the Poker (Merfolk Abyssal Knight)             Turns: 272, Time: 00:00:37

Health: 0/24       AC:  3    Str: 12    XL:     2   Next: 54%
Magic:  3/3        EV: 12    Int: 11    God:    Lugonu [*.....]
Gold:   21         SH:  0    Dex: 13    Spells: 1/1 levels left

rFire    . . .     SeeInvis .   a - +1 spear
rCold    . . .     Faith    .   (no shield)
rNeg     . . .     Spirit   .   b - +0 leather armour
rPois    .         Reflect  .   (no helmet)
rElec    .         Harm     .   (no cloak)
rCorr    .                      (no gloves)
MR       .....                  (no boots)
Stlth    +.........             (no amulet)
HPRegen  0.08/turn              (no ring)
MPRegen  0.08/turn              (no ring)

@: mighty, lethally poisoned (0 -> -4)
A: change form in water, swift swim, stealthy swim
a: Depart the Abyss, Renounce Religion


You were on level 2 of the Dungeon.
You worshipped Lugonu.
Lugonu was aware of your devotion.
You visited 1 branch of the dungeon, and saw 2 of its levels.
You visited the Abyss 1 time.

You collected 21 gold pieces.

Inventory:

Hand Weapons
 a - a +1 spear (weapon)
Armour
 b - a +0 leather armour (worn)
Scrolls
 c - a scroll of enchant armour {unknown}


   Skills:
 + Level 3.4 Fighting
 * Level 3.5 Polearms
 + Level 0.8 Armour
 + Level 2.9 Dodging
 * Level 2.4 Invocations


You had one spell level left.
You didn't know any spells.
Your spell library was empty.

Dungeon Overview and Level Annotations

Branches:
Dungeon (2/15)

Altars:


Message History

Aim: a bat You reach to attack!
You barely miss the bat.
* * * LOW HITPOINT WARNING * * *
You feel sick. The bat hits you but does no damage.
Attack whom?
Press: ? - help, Dir - move target cursor, f/p - bat
Aim: a bat You miss the bat.
The bat barely misses you. The bat hits you but does no damage.
Attack whom?
Press: ? - help, Dir - move target cursor, f/p - bat
Aim: a bat You hit the bat.
You kill the bat!
Lugonu accepts your kill.
* * * LOW HITPOINT WARNING * * *
You feel sick.
Found a stone staircase leading up.
Found 6 stones.
You die...

###### ####....#
.# #...(...# .###
#.......#....
#.......#..###
+.............
#.......#.<..#
#@....#
#########.###.#
..........###
####...†...# #
####.....#.......
###......#.#####.#
.........#.####..#
#......##.#... .#
#......##.#.##.#


There were no monsters in sight!

Vanquished Creatures
  An adder (D:2)
  A leopard gecko (D:2)
  A giant cockroach (D:2)
  2 bats (D:2)
  A frilled lizard (D:2)
  A kobold (D:1)
  A rat (D:2)
8 creatures vanquished.

Notes
Turn   | Place    | Note
-------+----------+-------------------------------------------
     0 | Abyss:1  | Lanoc the Merfolk Abyssal Knight began the quest for the
                  | Orb.
     0 | Abyss:1  | Reached XP level 1. HP: 18/18 MP: 2/2
    16 | D:1      | Escaped the Abyss
   263 | D:2      | Reached XP level 2. HP: 6/24 MP: 3/3
   270 | D:2      | HP: 1/24 [poisoned by an adder]
   272 | D:2      | Succumbed to an adder's poison

Illustrated notes

Levels and vault maps discovered:
D:1:      minmay_arrival_shattered_statue, layout_rooms,
          serial_co_window_serial, co_window_paths_a, co_window_paths_b,
          co_window_paths_a, co_window_of_opportunity_a,
          co_window_of_opportunity_a, co_window_unsneaky_path_c,
          co_window_unsneaky_path_e, co_window_broadway_a, co_window_paths_d,
          glass_columns_a, glass_columns_c
D:2:      lemuel_upstairs_altar, layout_basic, lemuel_crystal_altar,
          old_standard_altar, chequers_ecumenical_altar_island,
          serial_bayou_pond_a, minmay_tiny_reverse_x

Action                   || total
-------------------------++-------
Melee: Spear             ||    42
  Use: Potion            ||     1
Armor: Leather armour    ||    11
Dodge: Dodged            ||    33

Table legend: (Time is in decaauts)
 A = Elapsed time spent in this place.
 B = Non-inter-level travel time spent in this place.
 C = Inter-level travel time spent in this place.
 D = Time resting spent in this place.
 E = Time spent auto-exploring this place.
 F = Levels seen in this place.
 G = Mean time per level.
                   A        B        C        D        E       F      G
               +--------+--------+--------+--------+--------+-----+--------+
         Total |    268 |    265 |      3 |      0 |    198 |   3 |   89.3 |
       Dungeon |    252 |    249 |      3 |      0 |    186 |   2 |  126.0 |
         Abyss |     16 |     16 |      0 |      0 |     12 |   1 |   16.0 |
               +--------+--------+--------+--------+--------+-----+--------+

Top non-repeatable levels by time:
     D:2: 226 daAuts
     D:1: 26 daAuts
 Abyss:1: 16 daAuts
